 Dungeon Crawl Stone Soup version 0.27-a0-1555-g0e7b3fb1d2 (webtiles) character file.

Game seed: 15957384066747102384

172 Demosthentine the Poker (level 5, -2/41 HPs)
             Began as a Merfolk Gladiator on July 15, 2021.
             Slain by Terence (9 damage)
             ... on level 1 of the Dungeon.
             The game lasted 00:01:11 (1082 turns).

Demosthentine the Poker (Merfolk Gladiator)         Turns: 1082, Time: 00:01:12

Health: -2/41      AC:  5    Str: 16    XL:     5   Next: 52%
Magic:  5/5        EV: 14    Int:  7    God:
Gold:   37         SH:  0    Dex: 15    Spells: 4/4 levels left

rFire    . . .     SeeInvis .   a - +0 trident
rCold    . . .     Faith    .   (no shield)
rNeg     . . .     Spirit   .   b - +0 leather armour
rPois    .         Reflect  .   c - +1 helmet
rElec    .         Harm     .   (no cloak)
rCorr    .         Rampage  .   (no gloves)
Will     .....                  (no boots)
Stlth    +.........             (no amulet)
HPRegen  0.13/turn              (no ring)
MPRegen  0.09/turn              (no ring)

@: attractive
A: (nimble swimmer 2), mertail
a: no special abilities


You were on level 1 of the Dungeon.
You visited 1 branch of the dungeon, and saw 2 of its levels.

You collected 37 gold pieces.

Inventory:

Hand Weapons
 a - a +0 trident (weapon)
Missiles
 d - 3 throwing nets (quivered)
Armour
 b - a +0 leather armour (worn)
 c - a +1 helmet (worn)
Jewellery
 e - a ring of see invisible


   Skills:
 + Level 3.5 Fighting
 + Level 5.8 Polearms
 - Level 2.0 Throwing
 + Level 1.6 Armour
 + Level 5.2 Dodging


You had 4 spell levels left.
You didn't know any spells.
Your spell library was empty.

Dungeon Overview and Level Annotations

Branches:
Dungeon (2/15)

Altars:

Shops:
D:1 (

Annotations:
D:1 Terence
D:2 Sigmund


Innate Abilities, Weirdness & Mutations

((You are quick and stealthy near water. (Stealth+, EV+, Speed+++)))
Your lower body shifts to a powerful aquatic tail in water.


Message History

Unknown command.
The adder barely misses you.
You hit the adder.
The adder is heavily wounded.
The adder closely misses you.
You miss the adder.
The adder is heavily wounded.
The adder bites you.
You are poisoned.
The adder poisons you!
You closely miss the adder.
The adder is heavily wounded.
You feel sick. The adder closely misses you.
The adder bites you but does no damage.
You miss the adder.
The adder is heavily wounded.
You feel sick. The adder barely misses you.
You puncture the adder!
You kill the adder!
You feel sick.
You hit Terence.
Terence is moderately wounded.
You feel sick. Terence barely misses you.
You closely miss Terence.
Terence is moderately wounded.
You feel sick.
You are no longer poisoned.
Terence completely misses you.
You hit Terence but do no damage.
Terence is moderately wounded.
Terence hits you with a +4 vorpal mace.
You closely miss Terence.
Terence is moderately wounded.
Terence hits you with a +4 vorpal mace. x2
* * * LOW HITPOINT WARNING * * *
x2 Unknown command.
It was a potion of attraction.
You feel attractive to monsters. Terence hits you with a +4 vorpal mace!
You die...

...#.#.....####.######.##
#........#...##.# #..##.#
####...#........###.##.##
...........####......#.#
######...#..>###..(....#
# ###....)..#...#####
#############..#...#
......### #r@#...#
#####...## ##.#@..#
#######..## #.@#######
...# ##..####........#
##.######..†##........#
#....................#
############.........#
###.......# #.......#
#.......#


You could see Terence.

Vanquished Creatures
  A necrophage (D:2)
  4 gnolls
  An adder (D:1)
  A dart slug (D:1)
  4 bats
  An endoplasm (D:1)
  A giant cockroach (D:1)
  2 goblins (D:2)
  3 hobgoblins
  2 jackals (D:1)
  4 kobolds
  A quokka (D:1)
  5 ball pythons
  4 frilled lizards (D:1)
34 creatures vanquished.

Notes
Turn   | Place    | Note
-------+----------+-------------------------------------------
     0 | D:1      | Demosthentine the Merfolk Gladiator began the quest for the
                  | Orb.
     0 | D:1      | Reached XP level 1. HP: 16/16 MP: 1/1
    29 | D:1      | Found Kamuiw's Weapon Emporium.
   218 | D:1      | Reached XP level 2. HP: 23/23 MP: 2/2
   226 | D:1      | Found a faded altar of an unknown god.
   527 | D:1      | Reached XP level 3. HP: 28/28 MP: 3/3
   624 | D:2      | Noticed a necrophage
   634 | D:2      | Killed a necrophage
   635 | D:2      | Reached skill level 5 in Polearms
   635 | D:2      | Reached skill level 1 in Armour
   635 | D:2      | Reached skill level 5 in Dodging
   635 | D:2      | Reached XP level 4. HP: 34/35 MP: 4/4
   708 | D:2      | Reached XP level 5. HP: 41/41 MP: 5/5
  1048 | D:2      | Noticed Terence
  1050 | D:2      | Noticed Sigmund
  1082 | D:1      | Slain by Terence

Illustrated notes

Levels and vault maps discovered:
D:1:      eino_arrival_water_star, layout_rooms, serial_shops,
          nicolae_shop_statue_plus, chequers_ecumenical_altar_twisty
D:2:      layout_rooms, serial_forest, infiniplex_forest_pool,
          infiniplex_forest_lined_room_, infiniplex_forest_corner_1,
          infiniplex_forest_clump_curved, infiniplex_forest_lined_corner,
          basic_altar, uniq_sigmund, uniq_terence

Skill      XL: |  1  2  3 |
---------------+----------+-----
Fighting       | 3 |  3.5
Polearms       | 5 |  5.8
Armour         | 1 |  1.6
Dodging        | 5 |  5.2
Throwing       | |  2.0

Action                   |  1- 3 |  4- 6 || total
-------------------------+-------+-------++-------
Melee: Trident           |    69 |    44 ||   113
  Use: Scroll            |     2 |       ||     2
       Potion            |       |     2 ||     2
Armor: Leather armour    |    20 |     9 ||    29
Dodge: Dodged            |    39 |    37 ||    76

Table legend: (Time is in decaauts)
 A = Elapsed time spent in this place.
 B = Non-inter-level travel time spent in this place.
 C = Inter-level travel time spent in this place.
 D = Time resting spent in this place.
 E = Time spent auto-exploring this place.
 F = Levels seen in this place.
 G = Mean time per level.
                   A        B        C        D        E       F      G
               +--------+--------+--------+--------+--------+-----+--------+
         Total |   1085 |   1075 |     10 |     92 |    710 |   2 |  542.5 |
       Dungeon |   1085 |   1075 |     10 |     92 |    710 |   2 |  542.5 |
               +--------+--------+--------+--------+--------+-----+--------+

Top non-repeatable levels by time:
     D:1: 737 daAuts
     D:2: 347 daAuts
